 Dungeon Crawl Stone Soup version 0.14-a0-3367-g7c2a7eb (webtiles) character file.

2542 KaKa the Covert (level 9, -8/52 HPs)
             Began as a Kobold Enchanter on Mar 19, 2014.
             Was a Priest of Makhleb.
             Mangled by an orc warrior
             ... wielding a +0,+0 flail
              (25 damage)
             ... on Level 7 of the Dungeon.
             The game lasted 01:05:46 (7139 turns).

KaKa the Covert (Kobold Enchanter)                  Turns: 7139, Time: 01:05:46

HP  -8/52        AC  3     Str  8      XL: 9   Next: 59%
MP  17/24        EV 17     Int 15      God: Makhleb [***...]
Gold 351         SH 13     Dex 16      Spells:  3 memorised,  7 levels left

rFire  . . .     SeeInvis .     I - +4,+2 short sword (speed) (curse)
rCold  . . .     Clarity  .     v - +1 robe
rNeg   + . .     Conserve .     E - +1 buckler
rPois  +         rCorr    .     (no helmet)
rElec  .         rRot     .     (no cloak)
SustAb . .       Spirit   .     (no gloves)
rMut   .         Warding  +     (no boots)
Saprov + + .     Stasis   .     A - amulet of warding
MR     .....                    u - ring of poison resistance
                                g - ring of magical power

@: not resistant to hostile enchantments, very stealthy
A: disease resistance, carnivore 3, saprovore 2
a: Minor Destruction, Lesser Servant of Makhleb, Renounce Religion


You were on level 7 of the Dungeon.
You worshipped Makhleb.
Makhleb was most pleased with you.
You were full.

You visited 2 branches of the dungeon, and saw 8 of its levels.
You also visited: Sewer.

You collected 351 gold pieces.

Inventory:

Hand weapons
 b - a +0 blowgun
 I - a cursed +4,+2 short sword of speed (weapon)
Missiles
 d - 29 darts (quivered)
 w - 40 poisoned needles
Armour
 v - a +1 robe (worn)
 E - a +1 buckler (worn)
Magical devices
 m - a wand of confusion (13) {unknown}
 z - a wand of digging (10) {DIGI, unknown}
Comestibles
 f - 5 meat rations
Scrolls
 o - a scroll of enchant weapon I
 p - a scroll of noise
 q - a scroll of magic mapping
 r - a scroll of fog {unknown}
 C - a scroll of identify
Jewellery
 g - a ring of magical power (left hand)
 l - an uncursed ring of fire
 t - an uncursed ring of teleport control
 u - a ring of poison resistance (right hand)
 A - an amulet of warding (around neck)
 F - an uncursed amulet of resist corrosion
 H - an uncursed amulet of rage
Potions
 a - a potion of resistance {unknown}
 e - 3 potions of restore abilities {unknown}
 h - a potion of confusion {unknown}
 i - 3 potions of curing
 j - 3 potions of berserk rage {unknown}
 k - a potion of might {unknown}
 n - 2 potions of heal wounds
 s - 2 potions of haste {unknown}
 x - 2 potions of flight {unknown}
 B - a potion of lignification {unknown}
Books
 c - a book of Maledictions

   Spells                             Type                      Level
   *Corona                            Hexes                        1
   Sure Blade                         Hexes/Charms                 2
   *Ensorcelled Hibernation           Hexes/Ice                    2
   *Confuse                           Hexes                        3
   Enslavement                        Hexes                        4
   Invisibility                       Hexes                        6


   Skills:
 - Level 3.8 Fighting
 - Level 5.2 Short Blades
 - Level 1.3 Throwing
 - Level 4.8 Dodging
 - Level 8.1 Stealth
 - Level 2.7 Shields
 + Level 2.5 Spellcasting
 - Level 6.8 Hexes
 + Level 1.4 Ice Magic
 + Level 1.4 Invocations
 - Level 4.4 Evocations


You had 7 spell levels left.
You knew the following spells:

 Your Spells              Type           Power        Failure   Level  Hunger
a - Corona                Hex            ###....      1%          1    #......
b - Ensorcelled Hibernat  Hex/Ice        ##....       8%          2    ##.....
c - Confuse               Hex            ###.....     3%          3    ####...


Dungeon Overview and Level Annotations

Branches:
Dungeon (7/15)             Temple (1/1) D:6

Altars:
Ashenzari
Cheibriados
Dithmenos
Fedhas
Kikubaaqudgha
Makhleb
Nemelex Xobeh
Sif Muna
Trog
Vehumet
Xom
Yredelemnul
Zin
The Shining One

Annotations:
D:4 exclusion: orc wizard, Grinder


Innate Abilities, Weirdness & Mutations

You recuperate from illness quickly.
You are small and have problems with some larger weapons.
You are carnivorous and can eat meat at any time.
You can eat rotten meat.


Message History

Press: ? - help, Shift-Dir - straight line, f/p - orc warrior
Aim: an orc warrior, wielding a flail and wearing a plate armour (lightly wounded)
The orc warrior looks drowsy...
The helpless orc warrior fails to defend itself.
You impale the orc warrior!!
The orc warrior is almost dead.
You barely miss the orc warrior.
The orc warrior is almost dead.
The orc warrior misses you.
You hit the orc warrior but do no damage.
The orc warrior is almost dead.
You hit the orc warrior but do no damage.
The orc warrior is almost dead.
The orc warrior hits you with a flail!
Your shield prevents you from hitting the orc warrior.
The orc warrior is almost dead.
You hit the orc warrior but do no damage.
The orc warrior is almost dead.
The orc warrior hits you with a flail!
You die...

. #...# #...# #...# #..##
.###### #..# ......(
#####..### (....(.
#.........
#.......###########.........
#..(.....)o@................
#......(####################
.#..... #..... #.o... #...o.
..... .....o..o ..........#


You could see an orc warrior.

Vanquished Creatures
  A cyclops (D:7)
  Menkaure (D:6)
  A water moccasin (D:7)
  An orc warrior (D:7)
  A sky beast (D:5)
  A centaur (D:6)
  2 giant frogs (D:6)
  Sigmund (D:6)
  Duvessa (D:6)
  A big kobold (Sewer)
  Blork the orc (D:4)
  A troll zombie (D:7)
  6 killer bees (D:7)
  3 crimson imps
  Dowan (D:6)
  A big fish (Sewer)
  2 hounds (D:5)
  Crazy Yiuf (D:3)
  An orc priest (D:7)
  An iguana (D:4)
  A giant frog skeleton (D:6)
  4 orc wizards
  2 worker ants
  3 adders
  A green rat (Sewer)
  A shadow imp (D:6)
  3 giant mites
  An inept feature mimic (D:3)
  2 worms
  An iguana zombie (D:5)
  An adder skeleton (D:6)
  A giant eyeball (D:4)
  8 giant geckos
  An ooze (D:4)
  8 orcs
  8 bats
  5 giant cockroaches
  12 hobgoblins
  3 quokkas
  3 ball pythons
  4 giant newts
  10 goblins
  2 jackals (Sewer)
  A jackal skeleton (D:6)
  15 kobolds
  A kobold skeleton (D:4)
  An orc skeleton (D:4)
  14 rats
146 creatures vanquished.

Notes
Turn   | Place    | Note
--------------------------------------------------------------
     0 | D:1      | KaKa, the Kobold Enchanter, began the quest for the Orb.
     0 | D:1      | Reached XP level 1. HP: 10/10 MP: 3/3
   250 | D:1      | Reached XP level 2. HP: 13/15 MP: 4/4
   254 | D:1      | Learned a level 2 spell: Ensorcelled Hibernation
   675 | D:2      | Reached XP level 3. HP: 19/19 MP: 6/6
   678 | D:2      | Found a burning altar of Makhleb.
   697 | D:2      | Became a worshipper of Makhleb the Destroyer
   805 | D:2      | Reached skill level 4 in Stealth
  1302 | D:2      | Found a shadowy altar of Dithmenos.
  1664 | D:3      | Reached XP level 4. HP: 24/24 MP: 7/7
  1992 | D:3      | Reached skill level 5 in Stealth
  2016 | D:3      | Found a glowing drain.
  2034 | D:3      | Acquired Makhleb's first power
  2072 | Sewer    | Entered a sewer
  2121 | Sewer    | Learned a level 3 spell: Confuse
  2164 | Sewer    | Reached skill level 6 in Stealth
  2164 | Sewer    | Reached XP level 5. HP: 26/28 MP: 9/9
  2202 | Sewer    | Noticed a big kobold
  2236 | Sewer    | Killed a big kobold
  2236 | Sewer    | Reached XP level 6. HP: 27/32 MP: 10/10
  2495 | Sewer    | Found a white marble altar of Elyvilon.
  2727 | D:3      | Noticed Crazy Yiuf
  2736 | D:3      | Killed Crazy Yiuf
  2736 | D:3      | Reached skill level 7 in Stealth
  3110 | D:4      | Acquired Makhleb's second power
  3335 | D:4      | Noticed Blork the orc
  3356 | D:4      | Killed Blork the orc
  3356 | D:4      | Reached skill level 5 in Short Blades
  3540 | D:4      | Noticed Grinder
  3543 | D:4      | Reached skill level 8 in Stealth
  3563 | D:4      | Reached XP level 7. HP: 29/36 MP: 12/12
  3785 | D:5      | Entered Level 5 of the Dungeon
  4073 | D:5      | Found an ancient bone altar of Kikubaaqudgha.
  4663 | D:6      | Noticed Duvessa
  4663 | D:6      | Noticed Dowan
  4729 | D:6      | Noticed Sigmund
  4935 | D:5      | Reached skill level 5 in Hexes
  5043 | D:6      | Got a steaming chain mail
  5155 | D:6      | Reached XP level 8. HP: 41/41 MP: 13/13
  5494 | D:6      | Killed Dowan
  5504 | D:6      | Killed Duvessa
  5633 | D:6      | Found a staircase to the Ecumenical Temple.
  5644 | Temple   | Entered the Ecumenical Temple
  5706 | Temple   | Identified the +3 chain mail "Wasujuor" {rPois MR++} (You found it on level 6 of the Dungeon)
  5842 | D:6      | Acquired Makhleb's third power
  5887 | D:6      | Killed Sigmund
  5887 | D:6      | Reached skill level 1 in Fighting
  5887 | D:6      | Reached skill level 1 in Evocations
  6099 | D:6      | Reached skill level 1 in Shields
  6176 | D:6      | Noticed Menkaure
  6204 | D:6      | Killed Menkaure
  6393 | D:7      | Noticed a cyclops
  6653 | D:7      | Killed a cyclops
  6653 | D:7      | Reached XP level 9. HP: 47/49 MP: 14/14
  7081 | D:7      | Reached skill level 1 in Ice Magic
  7081 | D:7      | Reached skill level 1 in Invocations
  7139 | D:7      | Mangled by an orc warrior

Action                   |  1- 3 |  4- 6 |  7- 9 || total
-------------------------+-------+-------+-------++-------
Melee: Dagger            |   110 |   174 |    78 ||   362
       Short sword       |       |       |    94 ||    94
 Fire: Blowgun           |       |     5 |     4 ||     9
Throw: Dart              |    68 |    58 |    30 ||   156
 Cast: Ensorcelled Hiber |     2 |    17 |    61 ||    80
       Confuse           |       |       |    17 ||    17
  Use: Potion            |       |     5 |     5 ||    10
       Scroll            |       |     5 |     9 ||    14
 Stab: Sleeping          |     9 |    16 |    33 ||    58
       Distracted        |       |       |     1 ||     1
       Confused          |       |       |     7 ||     7
